 Dungeon Crawl Stone Soup version 0.29-a0-383-g8b6f518c11 (webtiles) character file.

Game seed: 16256291559006481603

159 Bruhh the Digger (level 5, -1/45 HPs)
             Began as an Ogre Earth Elementalist on May 6, 2022.
             Slain by an orc priest
             ... wielding a +0 mace
              (3 damage)
             ... on level 3 of the Dungeon.
             The game lasted 00:07:14 (2483 turns).

Bruhh the Digger (Ogre Earth Elementalist)          Turns: 2483, Time: 00:07:14

Health: -1/45      AC:  3    Str: 12    XL:     5   Next: 40%
Magic:  8/11       EV:  9    Int: 18    God:
Gold:   86         SH:  0    Dex:  9    Spells: 8/12 levels left

rFire   + . .      SeeInvis .   a - +0 club
rCold   + . .      Faith    .   (no shield)
rNeg    + . .      Spirit   .   b - +0 robe
rPois   +          Reflect  .   (helmet restricted)
rElec   +          Harm     .   (no cloak)
rCorr   +          Rampage  .   (gloves unavailable)
Will    .....                   (boots unavailable)
Stlth   ..........              (no amulet)
HPRegen 0.15/turn               m - ring of positive energy
MPRegen 0.12/turn               (no ring)

@: silenced, resistant
A: large, unfitting armour, tough skin 1
a: no special abilities


You were on level 3 of the Dungeon.
You visited 1 branch of the dungeon, and saw 3 of its levels.

You collected 86 gold pieces.

Inventory:

Hand Weapons
 a - a +0 club (weapon)
Missiles
 l - 10 stones
Armour
 b - a +0 robe (worn)
Jewellery
 m - a ring of positive energy (left hand)
Scrolls
 g - a scroll of fog
 i - a scroll of identify
Potions
 c - a potion of magic
 d - a potion of mutation {unknown}
 f - a potion of heal wounds {unknown}
 k - a potion of curing {unknown}


   Skills:
 - Level 1.7 Dodging
 - Level 1.4 Stealth
 - Level 4.0 Spellcasting
 + Level 1.3 Conjurations
 - Level 0.8 Transmutations
 + Level 4.3 Earth Magic


You had 8 spell levels left.
You knew the following spells:

 Your Spells              Type           Power      Damage    Failure   Level
a - Sandblast             Erth           38%        2d10      2%          1
b - Stone Arrow           Conj/Erth      26%        3d8       14%         3

Your spell library contained the following spells:

 Spells                   Type           Power      Damage    Failure   Level
 Passwall                 Tmut/Erth      10%        N/A       8%          2
 Freeze                   Ice            12%        1d4       14%         1
 Wereblood                Tmut           6%         N/A       16%         2
 Sublimation of Blood     Necr           3%         N/A       22%         2
 Spider Form              Tmut/Pois      5%         N/A       36%         3
 Petrify                  Tmut/Erth      12%        N/A       45%         4
 Ice Form                 Ice/Tmut       5%         N/A       77%         4
 Summon Hydra             Summ           1%         N/A       100%        7
 Polar Vortex             Ice            1%         N/A       100%        9


Dungeon Overview and Level Annotations

Branches:
Dungeon (3/15)

Altars:

Shops:
D:2 (

Annotations:
D:3 Grinder


Innate Abilities, Weirdness & Mutations

You are too large for most types of armour.
You have tough skin. (AC +1)


Message History

The orc priest is heavily wounded.
The ball python bites you.
The orc priest hits you but does no damage.
The ball python barely misses you.
You barely miss the orc priest.
The orc priest is heavily wounded.
The ball python barely misses you. The orc priest hits you with a +0 mace.
You hit the orc priest but do no damage.
The orc priest is heavily wounded.
The ball python bites you but does no damage.
The orc priest barely misses you. The ball python bites you.
The orc priest hits you with a +0 mace.
It was a potion of resistance.
You feel protected.
The ball python bites you but does no damage.
The orc priest barely misses you.
Grinder blinks!
You closely miss the orc priest.
The orc priest is heavily wounded.
The ball python bites you but does no damage.
The orc priest hits you with a +0 mace. The ball python barely misses you.
You hit the orc priest but do no damage.
The orc priest is heavily wounded.
The orc priest barely misses you.
The ball python bites you but does no damage.
You closely miss the orc priest.
The orc priest is heavily wounded.
The ball python bites you but does no damage.
The orc priest misses you. The ball python closely misses you.
Magic scrolls do not work when you're silenced!
Unknown command.
You hit the orc priest.
The orc priest is heavily wounded.
The orc priest hits you with a +0 mace!
* * * LOW HITPOINT WARNING * * *
Grinder hits you!
* * * LOW HITPOINT WARNING * * *
The ball python bites you.
* * * LOW HITPOINT WARNING * * *
The orc priest hits you with a +0 mace.
You die...

.......#.## #....
#°§○§§§.§○○.#..# #..##
☼○§○.○§..§..##)#####..##
☼.☼§°°○.§§.....)))......
§○§°§°☼#§#.####.####..##
°○°○§°§#°#. #.## #..#
°☼☼☼°☼○☼§#.####..###..#
○.°.○§°o°#............##
§§☼.§○S@°######.........
§§§§☼§5§§#.......####.#.
○§§§..§§☼○☼...........#.
☼§☼°§§§°☼§§######.###.#
§§°☼§§☼§○### ...
○○§§§.§°§§ ....
##°☼☼.§○☼§ ...#.#
#.§☼§☼°○§# ...# #
#........# .#


You could see Grinder (unsilenced), an orc priest and a ball python.

Vanquished Creatures
  An orc priest (D:3)
  An orc wizard (D:3)
  Robin (D:3)
  2 adders (D:2)
  8 orcs (D:3)
  2 ball pythons (D:1)
  8 endoplasms
  3 giant cockroaches
  14 goblins
  8 hobgoblins
  2 quokkas (D:1)
  5 bats
  A frilled lizard (D:3)
  4 kobolds (D:2)
  A rat (D:1)
61 creatures vanquished.

Notes
Turn   | Place    | Note
-------+----------+-------------------------------------------
     0 | D:1      | Bruhh the Ogre Earth Elementalist began the quest for the
                  | Orb.
     0 | D:1      | Reached XP level 1. HP: 16/16 MP: 3/3
   249 | D:1      | Reached XP level 2. HP: 24/24 MP: 2/5
   618 | D:1      | You fall into a shaft and drop 1 floor!
   662 | D:2      | Reached XP level 3. HP: 31/31 MP: 5/7
   741 | D:2      | Found Teibiff's Weapon Shoppe.
  1047 | D:2      | Learned a level 3 spell: Stone Arrow
  1564 | D:2      | Reached XP level 4. HP: 39/39 MP: 6/9
  1825 | D:3      | Found a faded altar of an unknown god.
  2056 | D:3      | Noticed Robin
  2072 | D:3      | Killed Robin
  2073 | D:3      | Reached XP level 5. HP: 7/45 MP: 8/11
  2387 | D:3      | Reached skill level 1 in Conjurations
  2462 | D:3      | Got Limueth's Almanac of Poison and the Snowflakes
  2467 | D:3      | Noticed Grinder
  2483 | D:3      | HP: 2/45 [ball python (1)]
  2483 | D:3      | Slain by an orc priest

Illustrated notes

Levels and vault maps discovered:
D:1:      dpeg_arrival_round_b, layout_basic, minmay_octomino_j4
D:2:      layout_basic, serial_shops, nicolae_shop_bloodbath_and_beyond,
          serial_glass, glass_columns_b, glass_columns_a,
          minmay_fractal_squares_gapless_5
D:3:      layout_basic, nicolae_ecumenical_oubliette, uniq_grinder, uniq_ijyb,
          uniq_robin

Skill      XL: |  1  2  3  4  5 |
---------------+----------------+-----
Earth Magic    | 3 4 |  4.3
Spellcasting   | 3 4 |  4.0
Conjurations   | 1 |  1.3
Dodging        | |  1.7
Stealth        | |  1.4
Transmutations | |  0.8

Action                   |  1- 3 |  4- 6 || total
-------------------------+-------+-------++-------
Melee: Unarmed           |    15 |       ||    15
       Club              |    25 |     9 ||    34
       Punch             |     2 |       ||     2
 Cast: Sandblast         |    43 |    40 ||    83
  Use: Potion            |       |     2 ||     2
       Scroll            |       |     3 ||     3
Armor: Robe              |    32 |    16 ||    48
Dodge: Dodged            |    38 |    15 ||    53

Table legend: (Time is in decaauts)
 A = Elapsed time spent in this place.
 B = Non-inter-level travel time spent in this place.
 C = Inter-level travel time spent in this place.
 D = Time resting spent in this place.
 E = Time spent auto-exploring this place.
 F = Levels seen in this place.
 G = Mean time per level.
                   A        B        C        D        E       F      G
               +--------+--------+--------+--------+--------+-----+--------+
         Total |   2492 |   2448 |     44 |      0 |   2110 |   3 |  830.7 |
       Dungeon |   2492 |   2448 |     44 |      0 |   2110 |   3 |  830.7 |
               +--------+--------+--------+--------+--------+-----+--------+

Top non-repeatable levels by time:
     D:2: 1248 daAuts
     D:3: 625 daAuts
     D:1: 618 daAuts
